Map: Oxide LE

Players

SpeCial - Winner!

  • Race: Terran Terran
  • League: Master
  • Spawn Location: 7:00

Kelazhur

  • Race: Terran Terran
  • Spawn Location: 1:00

Event: DreamHack SC2 Masters 2020 Winter

VOD

Have the link to the VOD?

Description

Time

  • Played on: Oct. 25, 2020, 6:03 p.m.
  • Length: 22:37

All games in this series

Show
View Real Time Build Order
Export as new Build Order

SpeCial Terran - Winner!

Build Orders: Reaper Expand 

Get SALT Encoding   

  12  0:02  SCV  
  13  0:14  SCV  
  13  0:18  Supply Depot  
  14  0:26  SCV  
  15  0:40  SCV  
  15  0:42  Barracks  
  16  0:45  Refinery  
  16  0:52  SCV  
  18  1:04  SCV  
  18  1:16  SCV  
  19  1:29  Reaper, Orbital Command  
  20  1:47  Command Center  
  20  1:55  SCV  
  20  1:56  Supply Depot  
  21  2:01  Marine  
  21  2:07  Factory  
  22  2:11  SCV  
  23  2:18  Bunker  
  23  2:20  Marine  
  24  2:27  SCV  
  25  2:32  Refinery  
  25  2:38  Marine  
  25  2:40  SCV  
  27  2:52  SCV, Starport  
  27  2:56  Hellion  
  31  2:59  Orbital Command  
  31  3:00  Barracks Reactor  
  31  3:05  SCV  
  31  3:17  SCV  
  31  3:19  Factory Tech Lab  
  32  3:25  SCV  
  33  3:29  SCV  
  34  3:37  SCV  
  35  3:45  SCV  
  35  3:46  Command Center  
  36  3:48  Banshee  
  36  3:49  SCV  
  36  3:54  Supply Depot, Factory Tech Lab  
  40  3:58  Marine  
  40  3:59  Marine  
  40  4:01  SCV  
  43  4:03  SCV  
  44  4:15  Marine, Siege Tank  
  44  4:17  Marine  
  48  4:21  SCV x2  
  50  4:31  Raven, Supply Depot  
  50  4:33  SCV x2  
  54  4:41  Marine  
  54  4:48  Barracks  
  54  4:53  SCV x2, Marine, Siege Tank  
  54  4:54  Supply Depot  
  54  4:56  Supply Depot  
  54  4:58  Barracks  
  60  5:01  Orbital Command  
  60  5:03  Marine  
  60  5:05  SCV x2  
  63  5:10  Marine  
  63  5:12  Refinery x2  
  64  5:17  SCV x2  
  64  5:20  Starport Reactor  
  66  5:23  Engineering Bay  
  66  5:24  Engineering Bay  
  66  5:25  Orbital Command  
  66  5:26  Siege Tank  
  69  5:29  SCV x2  
  71  5:38  Barracks Reactor, Marine  
  71  5:41  SCV x2  
  75  5:51  Stimpack  
  75  5:52  Barracks  
  75  5:53  SCV  
  75  5:55  SCV x2, Barracks  
  75  5:56  Marine  
  77  6:01  Marine x2  
  77  6:03  Siege Tank  
  82  6:05  SCV  
  82  6:07  SCV x2  
  82  6:11  Supply Depot, Terran Infantry Weapons Level 1  
  85  6:14  Marine  
  85  6:16  Terran Infantry Armor Level 1  
  85  6:18  SCV, Marine  
  87  6:19  SCV x2, Marine  
  87  6:25  Marine x2  
  87  6:26  Missile Turret  
  87  6:30  SCV  
  87  6:31  SCV x2, Marine  
  93  6:33  Medivac  
  93  6:35  Medivac  
  93  6:36  Marine  
  98  6:42  SCV  
  98  6:43  SCV  
  98  6:45  Marine x2  
  98  6:46  Sensor Tower  
  101  6:51  Marine x2  
  101  6:52  SCV  
  105  6:54  SCV, Marine  
  105  6:55  SCV  
  105  6:57  Barracks Reactor x2  
  107  7:03  Marine x2  
  107  7:04  SCV  
  109  7:09  SCV, Medivac  
  109  7:10  Marine  
  109  7:16  Supply Depot x2, Marine x2  
  109  7:17  SCV  
  109  7:21  Refinery x2, Marine x2, Siege Tank  
  117  7:32  Combat Shield  
  117  7:34  Supply Depot, Marine x2  
  117  7:37  Medivac, Marine  
  117  7:38  Marine  
  117  7:39  Marine  
  117  7:41  SCV x3  
  119  7:52  Marine x2  
  119  7:53  SCV x2, Siege Tank  
  119  7:54  Medivac  
  119  7:55  Marine  
  119  7:56  Marine x2  
  131  8:01  Marine x2  
  133  8:10  Marine x4  
  137  8:13  Supply Depot, Marine  
  137  8:14  Marine x2  
  137  8:18  SCV  
  141  8:24  Command Center  
  141  8:30  Medivac, Marine x3  
  141  8:33  SCV, Medivac, Marine  
  141  8:34  SCV, Marine x5  
  141  8:35  Siege Tank  
  141  8:38  Armory  
  147  8:43  Supply Depot  
  147  8:48  Marine x3  
  141  8:50  Marine  
  141  8:51  Marine  
  141  8:52  Marine x4  
  141  8:55  Factory  
  147  9:00  SCV x2  
  149  9:04  Medivac x2  
  149  9:06  Marine x2  
  149  9:08  Marine  
  149  9:09  Marine  
  157  9:15  Marine  
  157  9:22  Barracks Reactor  
  157  9:27  Terran Infantry Armor Level 2, Terran Infantry Weapons Level 2  
  157  9:30  Terran Vehicle Weapons Level 1, Supply Depot  
  157  9:35  Marine x8  
  157  9:36  Siege Tank  
  168  9:53  Viking x2, Marine x8  
  168  9:59  SCV  
  178  10:00  Marine x2  
  180  10:08  Siege Tank  
  180  10:11  Marine x6  
  180  10:12  Marine x2  
  178  10:17  Marine  
  178  10:18  Marine  
  163  10:22  Orbital Command  
  163  10:23  Viking x2  
  150  10:29  Marine x7  
  150  10:30  Marine  
  150  10:35  Marine x2  
  144  10:40  Siege Tank  
  143  10:47  Marine x7  
  146  10:53  Medivac  
  139  10:59  Marine x2  
  139  11:00  Marine  
  140  11:04  Marine x2  
  140  11:05  Medivac  
  140  11:09  Planetary Fortress  
  140  11:10  Marine x4  
  140  11:11  Marine  
  145  11:13  Orbital Command  
  145  11:17  Marine x2  
  139  11:20  Marine  
  139  11:22  Marine x2  
  139  11:23  Medivac  
  135  11:29  Marine x4  
  139  11:36  Sensor Tower  
  139  11:40  SCV x3, Marine  
  139  11:41  Marine x5  
  148  11:48  Sensor Tower  
  148  11:52  Terran Infantry Weapons Level 3  
  148  11:59  Marine x2, Siege Tank  
  152  12:05  Marine x3, Sensor Tower  
  152  12:06  Marine x2  
  152  12:08  Marine x3  
  137  12:17  Marine x2  
  139  12:23  Marine x4  
  139  12:24  Marine, Liberator x2  
  139  12:25  Marine  
  139  12:26  Marine  
  139  12:27  Refinery x2  
  139  12:29  Marine  
  153  12:35  Marine x2  
  155  12:37  Siege Tank  
  155  12:40  Marine  
  155  12:41  Marine x2  
  155  12:43  Marine x4  
  165  12:45  Supply Depot  
  165  12:46  SCV x2, Supply Depot  
  165  12:48  SCV  
  167  12:51  Marine  
  167  12:52  Marine  
  167  12:53  Marine  
  170  12:58  SCV, Marine x2  
  170  12:59  Marine  
  170  13:01  Siege Tank  
  174  13:07  Marine x3  
  174  13:09  Siege Tank  
  180  13:13  Viking x2  
  180  13:17  Marine  
  185  13:23  Marine x6  
  185  13:25  Marine x2  
  193  13:29  Marine  
  193  13:33  Siege Tank  
  184  13:35  Marine  
  184  13:41  Marine x5  
  187  13:43  Liberator x2  
  187  13:45  Marine x3  
  187  13:47  Terran Infantry Armor Level 3  
  194  13:50  Marine  
  194  13:53  Marine  
  196  13:59  Marine  
  196  14:00  Marine  
  196  14:04  Siege Tank  
  196  14:05  Marine x2  
  196  14:06  Marine  
  190  14:14  Marine x2  
  190  14:16  Command Center, Marine  
  190  14:17  Missile Turret  
  193  14:18  Marine x3  
  196  14:28  Marine x2  
  196  14:29  Marine x2  
  196  14:30  Siege Tank  
  195  14:32  Marine  
  196  14:40  Marine  
  196  14:42  Marine  
  196  14:44  Marine x3  
  196  14:52  Marine x3  
  196  14:54  Marine x2, Siege Tank  
  196  14:57  Marine  
  176  15:00  Marine  
  176  15:02  Marine x3  
  176  15:04  Siege Tank  
  180  15:09  Marine x3, Sensor Tower  
  180  15:12  Marine x2  
  182  15:15  Marine  
  182  15:17  Liberator x2  
  182  15:18  Marine  
  182  15:20  Marine x3  
  182  15:27  Marine x3  
  185  15:30  Marine x2  
  185  15:33  Marine  
  186  15:35  Marine  
  186  15:37  Marine x3  
  189  15:44  Missile Turret  
  189  15:45  Marine x3  
  189  15:47  Marine x2  
  194  15:51  Marine  
  194  15:52  Missile Turret  
  194  15:53  Marine  
  194  15:55  Marine x3  
  199  16:03  Marine  
  200  16:05  Marine  
  200  16:09  Marine  
  177  16:12  Marine x4  
  177  16:13  Marine  
  177  16:16  Marine x2  
  173  16:21  Marine  
  173  16:23  Marine  
  159  16:26  Siege Tank  
  159  16:27  Marine  
  159  16:29  Marine  
  159  16:30  Marine  
  159  16:32  Marine x2  
  167  16:33  Marine  
  167  16:34  Marine, Siege Tank  
  167  16:37  Marine  
  167  16:38  Marine  
  174  16:41  Marine  
  174  16:42  Starport x2  
  174  16:44  Marine  
  176  16:47  Marine  
  176  16:48  Marine  
  176  16:49  Marine  
  176  16:50  Marine x2  
  176  16:51  Marine  
  176  16:53  Viking  
  184  16:55  Missile Turret, Marine  
  184  16:56  Marine  
  184  16:57  Viking, Missile Turret  
  184  16:58  Siege Tank  
  184  16:59  Marine  
  192  17:02  Planetary Fortress  
  192  17:06  Refinery  
  192  17:17  Marine x2  
  192  17:18  Marine  
  191  17:25  Missile Turret, Starport Tech Lab x2  
  190  17:32  Marine  
  190  17:34  Marine  
  186  17:45  Raven x2  
  186  17:49  Marine  
  191  17:53  Siege Tank  
  191  17:56  Marine  
  191  17:57  Marine  
  185  18:08  Marine  
  185  18:09  Marine x2  
  170  18:14  Marine x2  
  170  18:17  Medivac x2  
  176  18:20  Marine x2, Siege Tank  
  176  18:21  Marine  
  176  18:25  Marine x2  
  176  18:26  Marine  
  176  18:27  Raven, Marine x2  
  185  18:28  Raven  
  185  18:29  Corvid Reactor  
  185  18:32  Marine x2  
  193  18:35  Orbital Command  
  193  18:38  Marine x3  
  196  18:44  Marine  
  196  18:45  Marine x2  
  185  18:50  Siege Tank  
  185  18:51  Marine  
  185  18:54  Marine  
  175  18:57  Marine  
  171  19:05  Marine  
  146  19:10  Raven, Marine x3  
  146  19:11  Marine  
  126  19:21  Marine x2, Siege Tank  
  118  19:24  Marine  
  118  19:25  Marine  
  120  19:32  Marine x2  
  120  19:33  Marine x2  
  120  19:34  Marine  
  120  19:35  Marine  
  121  19:39  Marine x2  
  121  19:42  Raven, Marine  
  121  19:43  Marine  
  127  19:47  Medivac  
  127  19:50  Marine x2  
  127  19:51  Marine  
  132  19:53  Marine x2  
  132  19:54  Marine  
  135  20:00  Medivac, Marine  
  135  20:01  Marine x3  
  141  20:08  Marine x2  
  141  20:10  Refinery  
  141  20:11  Refinery  
  141  20:13  Missile Turret  
  141  20:14  Marine x4  
  144  20:16  Medivac  
  144  20:18  Marine  
  144  20:20  Marine  
  151  20:22  Marine  
  151  20:24  Marine  
  151  20:26  Marine  
  154  20:30  Marine  
  154  20:31  Marine x2  
  154  20:32  Marine  
  154  20:33  Siege Tank  
  154  20:35  Marine  
  155  20:36  Marine  
  155  20:37  Marine  
  155  20:40  SCV x3, Marine  
  155  20:41  Marine  
  156  20:43  Sensor Tower  
  156  20:44  Marine  
  156  20:47  Marine  
  156  20:49  Marine x3  
  158  20:50  Supply Depot  
  158  20:53  Marine  
  158  20:54  Marine  
  158  20:55  Marine  
  162  20:58  Marine  
  162  20:59  Marine  
  162  21:01  Marine  
  162  21:03  Raven  
  167  21:05  Marine  
  167  21:07  Marine x3  
  167  21:10  Marine  
  172  21:12  Marine  
  172  21:13  Marine  
  172  21:15  Marine  
  172  21:17  Marine  
  176  21:19  Marine  
  176  21:24  Siege Tank  
  152  21:27  Marine x4  
  152  21:28  Marine  
  152  21:30  Marine  
  152  21:31  Marine  
  148  21:33  Marine  
  148  21:35  Marine  
  148  21:37  Marine, Siege Tank  
  152  21:44  Marine  
  152  21:45  Marine x3  
  152  21:46  Marine  
  154  21:47  Marine  
  154  21:49  Raven, Marine  
  154  21:51  Marine  
  154  21:53  Marine  
  160  21:55  Marine  
  163  22:02  Marine x3  
  163  22:04  Marine  
  163  22:05  Marine x2  
  163  22:06  Marine  
  170  22:09  Marine  
  170  22:14  Marine x2  
Show
View Real Time Build Order
Export as new Build Order

Kelazhur Terran 

Build Orders:  

Get SALT Encoding   

  12  0:00  SCV  
  13  0:12  SCV  
  14  0:17  Supply Depot  
  14  0:24  SCV  
  15  0:38  SCV  
  15  0:40  Barracks  
  15  0:42  Refinery  
  16  0:50  SCV  
  17  0:58  Barracks  
  17  1:02  SCV  
  18  1:15  SCV  
  19  1:26  Reaper  
  19  1:27  Orbital Command  
  19  1:32  Supply Depot  
  20  1:45  Reaper  
  21  1:52  SCV  
  22  2:03  Reaper  
  22  2:05  SCV  
  24  2:13  Command Center  
  24  2:20  Marine  
  24  2:21  SCV  
  26  2:29  Supply Depot  
  25  2:33  SCV  
  25  2:35  Marine  
  27  2:40  Factory, Marine  
  28  2:45  Refinery  
  27  2:55  SCV  
  27  2:56  Marine  
  29  2:59  Marine  
  30  3:08  SCV  
  31  3:17  Marine x2  
  33  3:22  SCV  
  33  3:24  Starport, Factory Tech Lab  
  33  3:26  Orbital Command  
  34  3:36  SCV  
  34  3:40  Marine x2  
  36  3:44  Cyclone  
  36  3:48  SCV, Refinery  
  39  3:52  SCV  
  41  4:01  SCV  
  41  4:02  Starport Tech Lab  
  42  4:04  SCV  
  42  4:07  Marine  
  42  4:08  Marine  
  45  4:13  SCV  
  45  4:16  SCV  
  47  4:25  SCV, Marine x2  
  47  4:26  Raven  
  47  4:28  SCV, Engineering Bay  
  47  4:30  Supply Depot  
  52  4:40  SCV x2  
  52  4:42  Supply Depot  
  52  4:44  Barracks Reactor, Barracks Tech Lab  
  54  4:51  Siege Tank  
  57  4:53  SCV x2  
  57  4:56  Command Center  
  59  5:01  Missile Turret  
  59  5:09  Raven  
  59  5:11  SCV x2  
  63  5:17  Marine  
  63  5:20  Stimpack  
  64  5:23  SCV, Supply Depot  
  64  5:26  Marine x2  
  67  5:30  SCV  
  67  5:34  Marine  
  69  5:37  Supply Depot  
  69  5:40  SCV  
  69  5:41  Refinery  
  70  5:45  SCV, Siege Tank  
  70  5:47  Terran Infantry Weapons Level 1  
  73  5:54  Marine x3  
  73  5:56  SCV  
  77  5:57  SCV  
  77  6:04  Barracks  
  77  6:05  Barracks x2  
  77  6:08  SCV  
  77  6:10  Orbital Command  
  78  6:13  SCV  
  78  6:16  Marine x3  
  78  6:17  Siege Tank  
  85  6:20  SCV  
  85  6:23  Starport Reactor  
  85  6:24  Supply Depot  
  86  6:28  SCV  
  86  6:32  SCV  
  88  6:33  Orbital Command  
  88  6:35  Marine x3  
  91  6:45  SCV  
  91  6:46  SCV  
  93  6:48  Armory  
  93  6:50  Engineering Bay  
  93  6:53  Supply Depot  
  93  6:54  Barracks Reactor x2  
  93  6:55  Barracks Reactor  
  93  6:57  SCV  
  93  6:59  SCV  
  93  7:00  Barracks Tech Lab x2  
  93  7:01  Marine x2  
  96  7:03  SCV  
  98  7:09  SCV  
  98  7:12  SCV, Marauder  
  98  7:15  SCV, Barracks Reactor x2  
  103  7:18  Marine  
  103  7:19  Marine  
  103  7:20  Terran Infantry Armor Level 1  
  103  7:21  SCV  
  103  7:22  Medivac  
  108  7:24  SCV  
  108  7:26  Missile Turret  
  108  7:27  SCV, Combat Shield  
  110  7:32  Marine  
  110  7:33  SCV, Supply Depot  
  110  7:36  SCV  
  113  7:38  Missile Turret  
  113  7:39  SCV, Marine x3  
  117  7:46  Supply Depot x2, Marine  
  117  7:47  SCV  
  117  7:48  Sensor Tower  
  117  7:51  Terran Infantry Weapons Level 2  
  116  7:55  Medivac x2  
  116  7:58  Supply Depot  
  120  8:02  Refinery  
  120  8:04  Refinery, Marine  
  121  8:09  SCV  
  122  8:17  Marine x2  
  122  8:18  Supply Depot x2  
  122  8:19  Marine  
  124  8:25  Marine x2  
  124  8:26  Command Center  
  126  8:28  Siege Tank  
  121  8:35  Marine  
  121  8:36  Marine x5  
  121  8:37  Marine  
  121  8:38  Medivac x2  
  132  8:43  Marine x2  
  132  8:47  SCV x2  
  132  8:48  SCV  
  137  8:50  Supply Depot  
  137  8:53  Command Center, Marine  
  137  9:02  Marine x3  
  140  9:03  Missile Turret  
  140  9:09  Medivac x2  
  144  9:10  Marine x5  
  144  9:11  Marine  
  144  9:13  Supply Depot  
  144  9:15  Supply Depot  
  144  9:16  Siege Tank  
  152  9:17  Terran Infantry Armor Level 2  
  152  9:19  Marine  
  152  9:22  Marine x2  
  155  9:26  Supply Depot  
  155  9:28  Marine x3  
  155  9:30  Factory  
  158  9:35  Marine  
  158  9:36  Marine x2  
  158  9:37  Marine  
  162  9:40  Marine x2  
  163  9:46  Marine  
  163  9:47  Marine x2  
  163  9:48  Medivac  
  163  9:49  Medivac  
  169  9:56  Marine x3  
  169  9:58  Siege Tank  
  173  10:11  Marine  
  167  10:14  Marine  
  167  10:15  Marine x3  
  167  10:18  Viking x2  
  167  10:21  Marine  
  165  10:31  Terran Infantry Weapons Level 3  
  165  10:33  Marine  
  161  10:37  Marine  
  140  10:43  Marine x2  
  140  10:44  Orbital Command  
  140  10:46  Marine  
  140  10:53  Marine  
  132  10:58  Marine x2  
  132  11:03  SCV x2  
  133  11:06  Marine  
  133  11:11  Marine x4  
  134  11:12  Siege Tank x2  
  141  11:18  Marine  
  141  11:19  Medivac x2, Marine  
  141  11:22  Marine x2  
  141  11:23  SCV  
  141  11:25  SCV x2  
  132  11:34  Marine x2  
  132  11:35  SCV  
  132  11:37  Terran Infantry Armor Level 3  
  135  11:41  Planetary Fortress  
  135  11:43  SCV  
  135  11:44  Siege Tank  
  135  11:45  SCV  
  140  11:48  SCV  
  140  11:51  Siege Tank  
  140  11:53  Viking  
  146  12:01  Marine x8  
  144  12:08  Marine  
  135  12:16  SCV x2  
  135  12:17  SCV  
  135  12:18  SCV  
  135  12:19  Marine x6  
  135  12:21  Marine x2  
  135  12:22  Siege Tank  
  150  12:24  Viking  
  150  12:28  SCV  
  150  12:29  SCV  
  154  12:34  Viking  
  156  12:41  Marine  
  156  12:42  Marine  
  156  12:43  Marine x3  
  158  12:44  Marine  
  158  12:47  SCV x4  
  163  12:51  Marine  
  163  12:59  SCV  
  163  13:02  Marine  
  163  13:03  Marine x7  
  163  13:04  SCV  
  166  13:05  Siege Tank  
  166  13:07  SCV x2  
  166  13:09  Marine  
  166  13:11  SCV  
  157  13:35  Marine x9  
  157  13:36  Siege Tank  
  157  13:38  Viking x2  
  165  13:52  Marine  
  165  13:53  SCV x4, Marine x2  
  172  14:00  Marine  
  171  14:05  SCV x2  
  171  14:07  Marine  
  171  14:08  Marine x4  
  173  14:10  SCV, Marine  
  173  14:11  Siege Tank x2  
  173  14:12  Marine  
  173  14:14  Viking x2  
  181  14:18  SCV  
  181  14:21  Marine  
  181  14:22  SCV x3  
  180  14:31  SCV, Marine  
  171  14:32  Marine  
  171  14:34  SCV x2  
  171  14:36  SCV  
  171  14:37  Marine  
  176  14:43  SCV, Siege Tank  
  180  14:46  SCV x2  
  175  14:55  Marine  
  175  14:57  Marine  
  175  14:58  Marine x6  
  161  15:03  Siege Tank  
  161  15:06  Marine  
  162  15:15  Marine  
  158  15:22  Marine  
  158  15:23  Marine x6  
  158  15:24  Siege Tank  
  172  15:33  Liberator x2  
  172  15:35  Siege Tank  
  175  15:40  Marine  
  176  15:46  Marine  
  176  15:48  Marine  
  176  15:49  Marine x6  
  184  15:52  Terran Vehicle Weapons Level 1  
  184  15:56  Siege Tank  
  187  15:58  Marine  
  187  16:03  Marine  
  187  16:06  Marine  
  173  16:12  Marine x2, Siege Tank  
  173  16:13  Marine  
  175  16:21  Orbital Command  
  146  16:26  Marine  
  146  16:27  Marine  
  146  16:30  Marine x4  
  146  16:31  Marine x2  
  141  16:33  Siege Tank  
  144  16:44  Siege Tank  
  144  16:46  Viking x2  
  151  16:52  Marine  
  152  16:54  Marine  
  152  16:55  Marine x2  
  152  16:56  Marine  
  152  16:57  Marine x4  
  160  17:05  Siege Tank  
  163  17:10  SCV  
  163  17:11  SCV x3  
  167  17:16  Marine x5, Siege Tank  
  167  17:17  Sensor Tower  
  167  17:21  Missile Turret  
  173  17:23  SCV x2  
  173  17:24  SCV  
  173  17:25  SCV  
  173  17:29  Marine  
  165  17:30  Marine  
  165  17:33  Marine  
  165  17:35  SCV x2  
  165  17:37  SCV x2, Siege Tank  
  161  17:41  Marine  
  157  17:46  Marine  
  157  17:47  SCV x2, Marine x3  
  157  17:48  Siege Tank  
  157  17:49  SCV, Viking x2, Marine  
  157  17:50  Marine  
  166  17:51  SCV  
  166  17:55  Marine  
  157  17:59  Marine  
  143  18:11  Marine  
  127  18:12  Marine  
  127  18:13  Marine x6  
  127  18:14  Siege Tank  
  127  18:15  SCV  
  127  18:16  SCV  
  127  18:19  Terran Vehicle Weapons Level 2  
  139  18:30  Marine x4, Sensor Tower  
  143  18:36  Medivac x2  
  143  18:38  Marine  
  148  18:44  SCV x3  
  124  18:57  Marine x2  
  126  19:06  Liberator x2  
  126  19:08  Marine x6  
  126  19:09  Marine, Siege Tank  
  124  19:14  Marine  
  124  19:17  Marine  
  109  19:23  Siege Tank  
  111  19:26  Marine x4  
  111  19:28  Barracks x2  
  115  19:32  Marine  
  115  19:34  Marine x4  
  104  19:44  Marine x3  
  107  19:46  Starport  
  107  19:48  Starport, Marine  
  107  19:49  Medivac  
  107  19:50  Siege Tank  
  112  20:01  Marine  
  112  20:02  Marine  
  112  20:03  Marine  
  115  20:11  Marine  
  115  20:12  Marine x4  
  115  20:13  Siege Tank  
  123  20:16  Medivac, Marine  
  123  20:19  Medivac, Command Center  
  128  20:26  Marine x2  
  128  20:27  Siege Tank  
  133  20:30  Marine  
  133  20:33  Marine  
  133  20:35  Marine  
  133  20:36  Marine x3  
  133  20:38  Marine x3  
  136  20:44  Marine  
  136  20:47  Siege Tank  
  140  20:50  Starport Tech Lab  
  140  20:51  Starport Tech Lab  
  140  20:53  Viking x2  
  142  20:59  Marine x8  
  142  21:01  Marine  
  151  21:18  Marine x2  
  151  21:20  Siege Tank  
  151  21:24  Marine  
  151  21:25  Marine x8  
  134  21:30  Raven x2  
  124  21:36  Marine x2  
  123  21:42  Marine x2, Liberator x2  
  123  21:43  Marine x3  
  128  21:49  Marine  
  129  21:55  Marine x4  
  133  22:06  Marine  
  134  22:10  Marine x6  
Tags
 
Add a new tag
Caveats
  • Supply blocks, unpowered buildings, or Contaminate may cause inaccurate times.
  • Supply counts are checked every 10 seconds.